 Dungeon Crawl Stone Soup version 0.25-a0-471-g78e40d7af6 (webtiles) character file.

Game seed: 9025156864636015002, levelgen mode: deterministic

2120 Eurus the Thaumaturge (level 9, -1/71 HPs)
             Began as a Mummy Conjurer on Feb 6, 2020.
             Was a Follower of Ashenzari.
             Slain by a killer bee (3 damage)
             ... on level 8 of the Dungeon.
             The game lasted 00:19:40 (8344 turns).

Eurus the Thaumaturge (Mummy Conjurer)              Turns: 8344, Time: 00:19:41

Health: -1/71      AC:  8    Str: 16    XL:     9   Next: 8%
Magic:  18/21      EV: 12    Int: 21    God:    Ashenzari [*.....]
Gold:   382        SH:  0    Dex: 12    Spells: 22/25 levels left

rFire    x . .     SeeInvis .   f - +4 dagger
rCold    + . .     Gourm    .   (no shield)
rNeg     + + +     Faith    .   a - +0 robe
rPois    ∞         Spirit   .   g - +2 helmet {Int+3} (curse)
rElec    .         Reflect  .   o - +2 cloak (curse)
rCorr    .         Harm     .   (no gloves)
MR       +....                  (no boots)
Stlth    ++........             (no amulet)
HPRegen  0.21/turn              q - ring of wizardry (curse)
MPRegen  0.17/turn              l - +5 ring of strength

@: very slightly contaminated
A: no food or potions, fire vulnerability, cold resistance 1, negative energy
resistance 3, torment resistance, unbreathing
a: Curse Item, Scrying, Renounce Religion


You were on level 8 of the Dungeon.
You worshipped Ashenzari.
Ashenzari was aware of your devotion.
You were not hungry.

You visited 2 branches of the dungeon, and saw 9 of its levels.

You collected 498 gold pieces.
You spent 116 gold pieces at shops.

Inventory:

Hand Weapons
 f - a +4 dagger (weapon)
Armour
 a - a +0 robe (worn)
 g - a cursed +2 helmet of intelligence (worn)
 o - a cursed +2 cloak (worn)
Jewellery
 j - an uncursed ring of fire
 k - a +1 ring of evasion
 l - a +5 ring of strength (right hand)
 q - a cursed ring of wizardry (left hand)
 s - a cursed ring of fire
Wands
 e - a wand of digging (6)
 h - a wand of random effects (18)
 m - a wand of iceblast (8)
 n - a wand of clouds (5)
Scrolls
 b - 5 scrolls of teleportation {unknown}
 c - 5 scrolls of remove curse
 d - 12 scrolls of identify {unknown}
 p - a scroll of fog {unknown}
 r - 2 scrolls of amnesia {unknown}


   Skills:
 + Level 6.8 Fighting
 - Level 1.5 Dodging
 - Level 1.5 Stealth
 + Level 8.7 Spellcasting
 + Level 6.7 Conjurations


You had 22 spell levels left.
You knew the following spells:

 Your Spells              Type           Power        Failure   Level  Hunger
a - Magic Dart            Conj           ####         1%          1    N/A
b - Searing Ray           Conj           #####.       1%          2    N/A

Your spell library contained the following spells:

 Spells                   Type           Power        Failure   Level  Hunger
 Dazzling Flash           Conj/Hex       ###...       2%          3    N/A
 Fulminant Prism          Conj/Hex       ###.......   8%          4    N/A
 Iskenderun's Mystic Bla  Conj/Tloc      ###.....     8%          4    N/A

Dungeon Overview and Level Annotations

Branches:
Dungeon (8/15)             Temple (1/1) D:4
   Lair: D:8-11

Altars:
Ashenzari
Cheibriados
Dithmenos
Elyvilon
Fedhas
Gozag
Hepliaklqana
Kikubaaqudgha
Makhleb
Nemelex Xobeh
Okawaru
Qazlal
Ru
Trog
Uskayaw
Vehumet
Wu Jian
Xom
Yredelemnul
Zin
The Shining One

Shops:
D:5 *   D:7 *

Annotations:
D:2 Sigmund


Innate Abilities, Weirdness & Mutations

You do not eat or drink.
Your flesh is vulnerable to fire.
You are immune to poison.
Your flesh is cold resistant. (rC+)
You are immune to negative energy. (rN+++)
You are immune to unholy pain and torment.
You can survive without breathing.


Message History

You are very lightly contaminated with residual magic.
As you read the scroll labeled GICSUZ LOF, it crumbles to dust.
It was a scroll of blinking.
Found a stone staircase leading down.
The killer bee closely misses you.
The killer bee stings you but does no damage.
The killer bee stings you.
* * * LOW HITPOINT WARNING * * *
The killer bee barely misses you. x3
The killer bee stings you but does no damage.
The killer bee stings you.
* * * LOW HITPOINT WARNING * * *
The killer bee barely misses you. The killer bee stings you.
* * * LOW HITPOINT WARNING * * *
The killer bee stings you but does no damage.
The killer bee closely misses you.
The killer bee stings you but does no damage.
The killer bee stings you.
You die...

.............# ..................
#...........<#...................
........##......#..........#.....
....##.####....##..........#.....
.#.....# ##.#.#.................
.####...# ......................
.# #........<.............##.##
## ###..####.............#.##
###### ##..####@.............#
...#.# ....#..yy####..#......###
.....###........y# #.###........
.#...............###...#......##.
.####..[.)....................#..
.# #................####.....##.
## #................####......#..
##.................##.........
#.................####.......#


You could see 3 killer bees.

Vanquished Creatures
  A hippogriff (D:8)
  An orc warrior (D:7)
  2 ice beasts (D:7)
  A sky beast (D:6)
  A centaur (D:5)
  2 bullfrogs (D:6)
  A scorpion (D:7)
  2 killer bees (D:8)
  2 howler monkeys
  A centaur zombie (D:7)
  4 crimson imps
  2 hounds
  3 orc priests
  4 jellies
  A centaur skeleton (D:3)
  6 orc wizards
  Natasha (twice) (D:3)
  Terence (D:2)
  3 worker ants
  A killer bee zombie (D:7)
  A hound zombie (D:6)
  A hound skeleton (D:5)
  A worker ant zombie (D:6)
  Robin (D:1)
  10 adders
  2 howler monkey skeletons
  2 shadow imps
  An ooze (D:7)
  4 adder skeletons
  3 worms
  2 dart slugs (D:1)
  5 leopard geckos
  33 orcs
  2 ball pythons
  3 giant cockroaches (D:1)
  14 goblins
  10 hobgoblins
  15 jackals
  A kobold (D:1)
  A quokka (D:5)
  A ball python zombie (D:3)
  8 bats
  A frilled lizard (D:2)
  A giant cockroach zombie (D:5)
  2 jackal skeletons
  A leopard gecko skeleton (D:3)
  A leopard gecko zombie (D:3)
  A quokka skeleton (D:4)
  8 rats
177 creatures vanquished.

Notes
Turn   | Place    | Note
-------+----------+-------------------------------------------
     0 | D:1      | Eurus the Mummy Conjurer began the quest for the Orb.
     0 | D:1      | Reached XP level 1. HP: 13/13 MP: 4/4
   365 | D:1      | Reached skill level 3 in Spellcasting
   376 | D:1      | Reached XP level 2. HP: 17/20 MP: 4/6
   380 | D:1      | Learned a level 2 spell: Searing Ray
   530 | D:1      | Reached skill level 1 in Fighting
  1212 | D:1      | Reached XP level 3. HP: 26/26 MP: 7/7
  1304 | D:2      | Noticed Robin
  1381 | D:1      | Killed Robin
  1448 | D:2      | Noticed Sigmund
  1783 | D:2      | Found a glowing silver altar of Zin.
  1788 | D:2      | Found a burning altar of Makhleb.
  1798 | D:2      | Found an iron altar of Okawaru.
  1801 | D:2      | Found a sparkling altar of Nemelex Xobeh.
  1919 | D:2      | Found a shimmering altar of Xom.
  1946 | D:2      | Noticed Terence
  1959 | D:2      | Reached XP level 4. HP: 33/33 MP: 6/9
  1962 | D:2      | Killed Terence
  2048 | D:2      | Reached skill level 4 in Spellcasting
  2420 | D:3      | Reached XP level 5. HP: 39/39 MP: 7/11
  2821 | D:3      | Noticed Natasha
  2830 | D:3      | Killed Natasha
  2888 | D:3      | Found a radiant altar of Vehumet.
  2962 | D:3      | Reached XP level 6. HP: 36/47 MP: 1/13
  3169 | D:3      | Noticed Natasha
  3184 | D:3      | Killed Natasha
  3184 | D:3      | Reached skill level 5 in Spellcasting
  3353 | D:3      | Found an ancient bone altar of Kikubaaqudgha.
  4362 | D:4      | Found a staircase to the Ecumenical Temple.
  4371 | Temple   | Entered the Ecumenical Temple
  4570 | Temple   | Became a worshipper of Ashenzari the Shackled
  4981 | D:5      | Entered Level 5 of the Dungeon
  4996 | D:5      | Reached XP level 7. HP: 52/54 MP: 12/15
  5046 | D:5      | Found Vereap's Assorted Antiques.
  5054 | D:5      | Bought a wooden wand for 116 gold pieces
  5256 | D:5      | Found a stormy altar of Qazlal.
  5258 | D:5      | Found a blossoming altar of Fedhas.
  5294 | D:5      | Reached skill level 5 in Conjurations
  5392 | D:5      | Reached skill level 6 in Spellcasting
  6084 | D:6      | Reached skill level 5 in Fighting
  6129 | D:6      | Found a shadowy altar of Dithmenos.
  6255 | D:6      | Reached XP level 8. HP: 54/62 MP: 9/18
  6425 | D:6      | Reached skill level 7 in Spellcasting
  6453 | D:6      | Found a snail-covered altar of Cheibriados.
  6778 | D:6      | Reached * piety under Ashenzari
  7517 | D:7      | Reached skill level 8 in Spellcasting
  7616 | D:7      | Found Yser Hed's General Store.
  8097 | D:8      | Noticed a hippogriff
  8227 | D:8      | Killed a hippogriff
  8227 | D:8      | Reached XP level 9. HP: 71/71 MP: 14/21
  8341 | D:8      | HP: 3/71 [killer bee (4)]
  8342 | D:8      | HP: 1/71 [killer bee (2)]
  8344 | D:8      | Slain by a killer bee

Levels and vault maps discovered:
D:1:      psy_arrival_terrarium, layout_basic, chequers_serial_rivers_micro_b,
          st_stairs_12, lemuel_another_geyser
D:2:      layout_rooms, xom_butterflies, grunt_temple_overflow_cloverleaf,
          kennysheep_generic_room_7, uniq_robin, uniq_terence, uniq_sigmund
D:3:      layout_basic, kiku_gazebo_garden_becter, serial_undead,
          serial_undead_e, serial_undead_c, serial_undead_d, serial_undead_c,
          chequers_avenue, solitary_fountain, roderic_serpentine_path,
          lemuel_altar_in_water2, uniq_natasha
D:4:      layout_basic, minmay_temple_entry_waves, first_ration
D:5:      layout_basic, grunt_temple_overflow_forces_of_nature, serial_shops,
          shop
D:6:      layout_basic, old_standard_altar, kennysheep_mini_moat
D:7:      layout_rooms, serial_shops, nicolae_shop_crystal
D:8:      layout_cave_pools
Temple:   minmay_temple_curvy_loop

Skill      XL: |  1  2  3  4  5  6  7  8 |
---------------+-------------------------+-----
Spellcasting   | 3 4 5 6 8 |  8.7
Fighting       | 1 2 3 4 5 6 |  6.8
Conjurations   | 4 5 6 |  6.7
Dodging        | |  1.5
Stealth        | |  1.5

Action                   |  1- 3 |  4- 6 |  7- 9 || total
-------------------------+-------+-------+-------++-------
Melee: Unarmed           |    14 |       |       ||    14
       Club              |    21 |       |       ||    21
       Dagger            |    63 |    64 |    62 ||   189
 Cast: Magic Dart        |    41 |    51 |    74 ||   166
       Searing Ray       |     2 |    20 |    34 ||    56
Invok: Curse Item        |       |     1 |     2 ||     3
  Use: Scroll            |       |       |     1 ||     1
 Stab: Sleeping          |     3 |     1 |     2 ||     6
       Distracted        |       |     1 |       ||     1
Armor: Robe              |    23 |    19 |    42 ||    84
Dodge: Dodged            |    83 |    58 |    64 ||   205

Table legend:
 A = Non-vault XP
 B = Vault XP
 C = Vault XP percentage of total XP
 D = Non-vault monster count
 E = Vault monster count
 F = Vault count percentage of total count
                 A         B        C        D         E       F
            +---------+---------+-------+---------+---------+-------
      Total |    2916 |     113 |   3.7 |     158 |      19 |  10.7
            +---------+---------+-------+---------+---------+-------
        D:1 |      47 |      27 |  36.5 |      25 |       8 |  24.2
        D:2 |      19 |      47 |  71.2 |      11 |       7 |  38.9
        D:3 |     357 |      39 |   9.8 |      37 |       4 |   9.8
        D:4 |     191 |       0 |   0.0 |      12 |       0 |   0.0
        D:5 |     400 |       0 |   0.0 |      21 |       0 |   0.0
        D:6 |     629 |       0 |   0.0 |      20 |       0 |   0.0
        D:7 |     762 |       0 |   0.0 |      24 |       0 |   0.0
        D:8 |     511 |       0 |   0.0 |       8 |       0 |   0.0
            +---------+---------+-------+---------+---------+-------
